TOP OF THE 1ST |
Pittsburgh Killa Beez batting - Pitching for Alabama Shakes : LHP Guillermo Quiñones
|
Pitching: LHP Guillermo Quiñones
|
|
Batting: RHB Inês Kappes
|
0-0: SINGLE (Groundball, 56D)
|
Batting: RHB Jesús García
|
0-0: Grounds into double play, 6-4-3 (Groundball, 6)
|
Batting: LHB Carlos Gutiérrez
|
0-0: Ball 1-0: SINGLE (Line Drive, 89S)
|
Batting: LHB António Bonaccorsi
|
0-0: Ball 1-0: Ball 2-0: Foul Ball, location: 2F 2-1: Ball 3-1: Foul Ball, location: 2F 3-2: Base on Balls Carlos Gutiérrez to second
|
Batting: RHB Jesús Chávez
|
0-0: Foul Ball, location: 2F 0-1: Foul Ball, location: 2F 0-2: Strikes out looking
|
Top of the 1st over - 0 run(s), 2 hit(s), 0 error(s), 2 left on base; Pittsburgh 0 - Alabama 0 |
BOTTOM OF THE 1ST |
Alabama Shakes batting - Pitching for Pittsburgh Killa Beez : RHP Francisco Ramírez
|
Pitching: RHP Francisco Ramírez
|
|
Batting: RHB Bruce Adams
|
0-0: Ground out 5-3 (Groundball, 5L)
|
Batting: SHB Esteban Aliaga
|
0-0: Ball 1-0: Called Strike 1-1: Ball 2-1: Ground out 4-3 (Groundball, 4)
|
Batting: RHB Michael Scott
|
0-0: Called Strike 0-1: Foul Ball, location: 2F 0-2: Ball 1-2: Ball 2-2: Foul Ball, location: 2F 2-2: Ball 3-2: Fly out, F8 (Flyball, 8LM)
|
Bottom of the 1st over - 0 run(s), 0 hit(s), 0 error(s), 0 left on base; Pittsburgh 0 - Alabama 0 |
TOP OF THE 2ND |
Pittsburgh Killa Beez batting - Pitching for Alabama Shakes : LHP Guillermo Quiñones
|
Batting: RHB Salvador Rodríguez
|
0-0: Ball 1-0: Called Strike 1-1: Ball 2-1: Called Strike 2-2: Foul Ball, location: 2F 2-2: Ball 3-2: Ground out 6-3 (Groundball, 6)
|
Batting: LHB Rafael Carrión
|
0-0: Ball 1-0: Foul Ball, location: 2F 1-1: Swinging Strike 1-2: SINGLE (Line Drive, 7S)
|
Batting: LHB Argaw Mwita
|
0-0: Ball 1-0: Called Strike 1-1: Called Strike 1-2: Foul Ball, location: 2F 1-2: Ball 2-2: Foul Ball, location: 2F 2-2: Foul Ball, location: 2F 2-2: Foul Ball, location: 2F 2-2: Ball 3-2: Grounds into double play, 4-6-3 (Groundball, 4M)
|
Top of the 2nd over - 0 run(s), 1 hit(s), 0 error(s), 0 left on base; Pittsburgh 0 - Alabama 0 |
BOTTOM OF THE 2ND |
Alabama Shakes batting - Pitching for Pittsburgh Killa Beez : RHP Francisco Ramírez
|
Batting: LHB Edgardo Molina
|
0-0: Ball 1-0: Foul Ball, location: 2F 1-1: Reached on error, E6 (Groundball, 6M)
|
Batting: RHB Aaron Stevens
|
0-0: Ball 1-0: Foul Ball, location: 2F 1-1: Fly out, F5 (Line Drive, 5)
|
Batting: RHB Seth O'Toole
|
0-0: Ball 1-0: Called Strike 1-1: Ball 2-1: Ball 3-1: Base on Balls Edgardo Molina to second
|
Batting: RHB Terry Lawrence
|
0-0: Grounds into double play, 4-6-3 (Groundball, 4)
|
Bottom of the 2nd over - 0 run(s), 0 hit(s), 1 error(s), 1 left on base; Pittsburgh 0 - Alabama 0 |
TOP OF THE 3RD |
Pittsburgh Killa Beez batting - Pitching for Alabama Shakes : LHP Guillermo Quiñones
|
Batting: RHB Juan Rodríguez
|
0-0: Fly out, F8 (Flyball, 8RM)
|
Batting: RHB Inês Kappes
|
0-0: SINGLE (Flyball, 7S)
|
Batting: RHB Jesús García
|
0-0: Called Strike 0-1: Foul Ball, location: 2F 0-2: Ball Wild Pitch! Inês Kappes to second 1-2: Fly out, F8 (Flyball, 8LS)
|
Batting: LHB Carlos Gutiérrez
|
0-0: Ball 1-0: Foul Ball, location: 2F 1-1: Foul Ball, location: 2F 1-2: Strikes out swinging
|
Top of the 3rd over - 0 run(s), 1 hit(s), 0 error(s), 1 left on base; Pittsburgh 0 - Alabama 0 |
BOTTOM OF THE 3RD |
Alabama Shakes batting - Pitching for Pittsburgh Killa Beez : RHP Francisco Ramírez
|
Batting: RHB Joe Farrell
|
0-0: Called Strike 0-1: SINGLE (Groundball, 56D)
|
Batting: RHB Eugene Fisher
|
0-0: Ball 1-0: Ball 2-0: Swinging Strike 2-1: Called Strike 2-2: Foul Ball, location: 2F 2-2: Grounds into double play, 4-6-3 (Groundball, 4)
|
Batting: RHB Bruce Adams
|
0-0: Fly out, F7 (Flyball, 7)
|
Bottom of the 3rd over - 0 run(s), 1 hit(s), 0 error(s), 0 left on base; Pittsburgh 0 - Alabama 0 |
TOP OF THE 4TH |
Pittsburgh Killa Beez batting - Pitching for Alabama Shakes : LHP Guillermo Quiñones
|
Batting: LHB António Bonaccorsi
|
0-0: Called Strike 0-1: Ball 1-1: Fly out, F3 (Popup, 34)
|
Batting: RHB Jesús Chávez
|
0-0: Swinging Strike 0-1: Ball 1-1: Ball 2-1: Called Strike 2-2: Ball 3-2: Strikes out swinging
|
Batting: RHB Salvador Rodríguez
|
0-0: Called Strike 0-1: Swinging Strike 0-2: Ball 1-2: Ground out 5-3 (Groundball, 56)
|
Top of the 4th over - 0 run(s), 0 hit(s), 0 error(s), 0 left on base; Pittsburgh 0 - Alabama 0 |
BOTTOM OF THE 4TH |
Alabama Shakes batting - Pitching for Pittsburgh Killa Beez : RHP Francisco Ramírez
|
Batting: SHB Esteban Aliaga
|
0-0: Ball 1-0: DOUBLE (Line Drive, 78M)
|
Batting: RHB Michael Scott
|
0-0: Called Strike 0-1: Foul Ball, location: 2F 0-2: Foul Ball, location: 2F 0-2: Ball 1-2: Ball 2-2: Foul Ball, location: 2F 2-2: SINGLE (Groundball, 56D) Esteban Aliaga to third
|
Batting: LHB Edgardo Molina
|
0-0: Foul Ball, location: 2F 0-1: Foul Ball, location: 2F 0-2: SINGLE (Line Drive, 78S) Esteban Aliaga scores Michael Scott to second
|
Batting: RHB Aaron Stevens
|
0-0: SINGLE (Groundball, 56D) Michael Scott to third Edgardo Molina to second Runner from 3rd tries for Home, throw and OUT! Edgardo Molina to third Aaron Stevens to second
|
Batting: RHB Seth O'Toole
|
0-0: Ball 1-0: Called Strike 1-1: Ball 2-1: Fly out, F8 (Flyball, 8LXD) Runner from 3rd tags up, SCORES, no throw Aaron Stevens to third
|
Batting: RHB Terry Lawrence
|
0-0: Ball 1-0: Swinging Strike 1-1: Called Strike 1-2: Foul Ball, location: 2F 1-2: Strikes out looking
|
Bottom of the 4th over - 2 run(s), 4 hit(s), 0 error(s), 1 left on base; Pittsburgh 0 - Alabama 2 |
TOP OF THE 5TH |
Pittsburgh Killa Beez batting - Pitching for Alabama Shakes : LHP Guillermo Quiñones
|
Batting: LHB Rafael Carrión
|
0-0: Swinging Strike 0-1: Ground out 6-3 (Groundball, 6S)
|
Batting: LHB Argaw Mwita
|
0-0: Ground out 4-3 (Groundball, 4)
|
Batting: RHB Juan Rodríguez
|
0-0: Called Strike 0-1: Ball 1-1: Swinging Strike 1-2: Fly out, F8 (Line Drive, 8RM)
|
Top of the 5th over - 0 run(s), 0 hit(s), 0 error(s), 0 left on base; Pittsburgh 0 - Alabama 2 |
BOTTOM OF THE 5TH |
Alabama Shakes batting - Pitching for Pittsburgh Killa Beez : RHP Francisco Ramírez
|
Batting: RHB Joe Farrell
|
0-0: Swinging Strike 0-1: Ball 1-1: Called Strike 1-2: Ground out 5-3 (Groundball, 5)
|
Batting: RHB Eugene Fisher
|
0-0: Ball 1-0: Fly out, F9 (Flyball, 9S)
|
Batting: RHB Bruce Adams
|
0-0: Swinging Strike 0-1: Ball 1-1: Ball 2-1: Ground out 6-3 (Groundball, 56)
|
Bottom of the 5th over - 0 run(s), 0 hit(s), 0 error(s), 0 left on base; Pittsburgh 0 - Alabama 2 |
TOP OF THE 6TH |
Pittsburgh Killa Beez batting - Pitching for Alabama Shakes : LHP Guillermo Quiñones
|
Batting: RHB Inês Kappes
|
0-0: Called Strike 0-1: Ball 1-1: Ball 2-1: Called Strike 2-2: Fly out, F9 (Flyball, 9)
|
Batting: RHB Jesús García
|
0-0: Swinging Strike 0-1: Called Strike 0-2: Strikes out swinging
|
Batting: LHB Carlos Gutiérrez
|
0-0: SINGLE (Flyball, 7S)
|
Batting: LHB António Bonaccorsi
|
0-0: Foul Ball, location: 2F 0-1: SINGLE (Groundball, 34D) Carlos Gutiérrez to second Runner from 2nd tries for 3rd, SAFE, throw made to third
|
Batting: RHB Jesús Chávez
|
0-0: Ball 1-0: Ball 2-0: Called Strike 2-1: Foul Ball, location: 2F 2-2: Ball 3-2: Foul Ball, location: 2F 3-2: Strikes out swinging
|
Top of the 6th over - 0 run(s), 2 hit(s), 0 error(s), 2 left on base; Pittsburgh 0 - Alabama 2 |
BOTTOM OF THE 6TH |
Alabama Shakes batting - Pitching for Pittsburgh Killa Beez : RHP Francisco Ramírez
|
Batting: SHB Esteban Aliaga
|
0-0: SINGLE (Groundball, 4D)
|
Batting: RHB Michael Scott
|
0-0: Called Strike 0-1: Ball Esteban Aliaga is caught stealing 2nd base 1-1: Foul Ball, location: 2F 1-2: Foul Ball, location: 2F 1-2: Ball 2-2: Ball 3-2: Ground out 5-3 (Groundball, 5)
|
Batting: LHB Edgardo Molina
|
0-0: Ball 1-0: Ball 2-0: DOUBLE (Groundball, 5L)
|
Batting: RHB Aaron Stevens
|
0-0: Swinging Strike 0-1: Ball 1-1: Foul Ball, location: 2F 1-2: Strikes out swinging
|
Bottom of the 6th over - 0 run(s), 2 hit(s), 0 error(s), 1 left on base; Pittsburgh 0 - Alabama 2 |
TOP OF THE 7TH |
Pittsburgh Killa Beez batting - Pitching for Alabama Shakes : LHP Guillermo Quiñones
|
Pitching: RHP Jesús Gonzáles
|
|
Batting: RHB Salvador Rodríguez
|
0-0: Ball 1-0: Swinging Strike 1-1: Fly out, F8 (Flyball, 78XD)
|
Batting: LHB Rafael Carrión
|
0-0: Called Strike 0-1: Ball 1-1: Foul Ball, location: 2F 1-2: Strikes out looking
|
Batting: LHB Argaw Mwita
|
0-0: Called Strike 0-1: Fly out, F9 (Flyball, 9LM)
|
Top of the 7th over - 0 run(s), 0 hit(s), 0 error(s), 0 left on base; Pittsburgh 0 - Alabama 2 |
BOTTOM OF THE 7TH |
Alabama Shakes batting - Pitching for Pittsburgh Killa Beez : RHP Francisco Ramírez
|
Pitching: RHP Renato Camardiel
|
|
Batting: RHB Seth O'Toole
|
0-0: Called Strike 0-1: Ball 1-1: Fly out, F9 (Flyball, 89S)
|
Batting: RHB Terry Lawrence
|
0-0: Ball 1-0: Called Strike 1-1: Ball 2-1: Foul Ball, location: 2F 2-2: Foul Ball, location: 2F 2-2: Foul Ball, location: 2F 2-2: Foul Ball, location: 2F 2-2: Ground out 4-3 (Groundball, 4)
|
Batting: RHB Joe Farrell
|
0-0: Called Strike 0-1: Ball 1-1: SOLO HOME RUN (Flyball, 7D), Distance : 375 ft
|
Batting: RHB Eugene Fisher
|
0-0: Fly out, F4 (Popup, 4)
|
Bottom of the 7th over - 1 run(s), 1 hit(s), 0 error(s), 0 left on base; Pittsburgh 0 - Alabama 3 |
TOP OF THE 8TH |
Pittsburgh Killa Beez batting - Pitching for Alabama Shakes : RHP Jesús Gonzáles
|
Now in LF: Dax Valdéz
|
|
Batting: RHB Juan Rodríguez
|
0-0: Ball 1-0: Swinging Strike 1-1: Swinging Strike 1-2: Ground out 4-3 (Groundball, 4M)
|
Batting: RHB Inês Kappes
|
0-0: Fly out, F9 (Flyball, 9)
|
Batting: RHB Jesús García
|
0-0: Ball 1-0: Called Strike 1-1: Foul Ball, location: 2F 1-2: Foul Ball, location: 2F 1-2: SINGLE (Groundball, 34D)
|
Pitching: LHP Javier Villalobos
|
|
Batting: LHB Carlos Gutiérrez
|
0-0: Ball 1-0: Called Strike 1-1: Ball 2-1: Ball 3-1: Fielders Choice at 2nd, 4-6 (Groundball, 34)
|
Top of the 8th over - 0 run(s), 1 hit(s), 0 error(s), 0 left on base; Pittsburgh 0 - Alabama 3 |
BOTTOM OF THE 8TH |
Alabama Shakes batting - Pitching for Pittsburgh Killa Beez : RHP Renato Camardiel
|
Batting: RHB Bruce Adams
|
0-0: Ball 1-0: Called Strike 1-1: Foul Ball, location: 2F 1-2: Ball 2-2: Strikes out swinging
|
Batting: SHB Esteban Aliaga
|
0-0: Ground out 3-1 (Groundball, 34)
|
Batting: RHB Michael Scott
|
0-0: Ball 1-0: Called Strike 1-1: Ball 2-1: Swinging Strike 2-2: Ball 3-2: Foul Ball, location: 2F 3-2: SINGLE (Groundball, 2L) (infield hit)
|
Batting: LHB Edgardo Molina
|
0-0: Called Strike Michael Scott steals 2nd base 0-1: Ball 1-1: Foul Ball, location: 2F 1-2: Foul Ball, location: 2F 1-2: Strikes out swinging
|
Bottom of the 8th over - 0 run(s), 1 hit(s), 0 error(s), 1 left on base; Pittsburgh 0 - Alabama 3 |
TOP OF THE 9TH |
Pittsburgh Killa Beez batting - Pitching for Alabama Shakes : LHP Javier Villalobos
|
Pitching: RHP Tim Lowry
|
|
Batting: LHB António Bonaccorsi
|
0-0: Called Strike 0-1: Fly out, F7 (Flyball, 7LS)
|
Batting: RHB Jesús Chávez
|
0-0: Foul Ball, location: 2F 0-1: Ball 1-1: Ball 2-1: Foul Ball, location: 2F 2-2: Ball 3-2: Strikes out swinging
|
Batting: RHB Salvador Rodríguez
|
0-0: Ball 1-0: Ball 2-0: Ball 3-0: Base on Balls
|
Batting: LHB Rafael Carrión
|
0-0: Ball 1-0: Ball 2-0: Ball 3-0: Base on Balls Salvador Rodríguez to second
|
Batting: LHB Argaw Mwita
|
0-0: Ball 1-0: Called Strike 1-1: Foul Ball, location: 2F 1-2: Ball 2-2: Ball 3-2: Base on Balls Salvador Rodríguez to third Rafael Carrión to second
|
Batting: RHB Juan Rodríguez
|
0-0: Foul Ball, location: 2F 0-1: Ball 1-1: Called Strike 1-2: Strikes out looking
|
Top of the 9th over - 0 run(s), 0 hit(s), 0 error(s), 3 left on base; Pittsburgh 0 - Alabama 3 |
|